 Dungeon Crawl Stone Soup version 0.25-a0-631-gc915619 (webtiles) character file.

Game seed: 3432033435491848772, levelgen mode: deterministic

1007 MrTaco21 the Basher (level 8, -2/46 HPs)
             Began as a Gargoyle Fighter on Mar 18, 2020.
             Slain by a troll (8 damage)
             ... on level 5 of the Dungeon.
             The game lasted 00:08:33 (4366 turns).

MrTaco21 the Basher (Gargoyle Fighter)              Turns: 4366, Time: 00:08:34

Health: -2/46      AC: 13    Str: 22    XL:     8   Next: 20%
Magic:  8/8        EV:  7    Int:  9    God:
Gold:   155        SH:  9    Dex:  9    Spells: 7/7 levels left

rFire    . . .     SeeInvis .   a - +0 flail
rCold    . . .     Gourm    .   c - +0 kite shield
rNeg     + . .     Faith    .   b - +0 scale mail
rPois    ∞         Spirit   .   y - +0 helmet
rElec    +         Reflect  .   (no cloak)
rCorr    .         Harm     .   (no gloves)
MR       .....                  (no boots)
Stlth    ..........             l - amulet of regeneration
HPRegen  0.55/turn              f - ring of flight
MPRegen  0.11/turn              (no ring)

@: no status effects
A: negative energy resistance 1, electricity resistance, unbreathing,
petrification resistance, rot immunity, AC +5
a: Evoke Flight


You were on level 5 of the Dungeon.
You were not hungry.

You visited 1 branch of the dungeon, and saw 5 of its levels.
You also visited: Sewer.

You collected 155 gold pieces.

Inventory:

Hand Weapons
 a - a +0 flail (weapon)
Armour
 b - a +0 scale mail (worn)
 c - a +0 kite shield (worn)
 p - a +0 plate armour
   (You took it off a hobgoblin on level 2 of the Dungeon)
 y - a +0 helmet (worn)
   (You found it on level 5 of the Dungeon)
Jewellery
 f - a ring of flight (left hand)
   (You found it on level 1 of the Dungeon)
 l - an amulet of regeneration (around neck)
   (You found it on level 2 of the Dungeon)
 s - an uncursed amulet of guardian spirit
   (You took it off an orc on level 4 of the Dungeon)
Wands
 x - a wand of acid (6)
   (You found it in a sewer)
Scrolls
 h - 4 scrolls of fog
 i - a scroll of enchant weapon {unknown}
 j - a scroll of immolation {unknown}
 k - 3 scrolls of teleportation {@r4}
 m - 3 scrolls of random uselessness {unknown}
 o - 4 scrolls of identify {@r1}
 r - a scroll of fear
 t - a scroll of amnesia {unknown}
 v - a scroll of blinking {unknown}
Potions
 d - a potion of might
 g - 3 potions of berserk rage {unknown}
 n - 4 potions of curing {unknown}
 q - a potion of magic {unknown}
 w - a potion of haste {unknown}
Comestibles
 e - 8 rations {!d}
 u - 11 chunks of flesh


   Skills:
 - Level 3.2 Fighting
 + Level 9.5 Maces & Flails
 - Level 3.2 Armour
 - Level 3.2 Shields


You had 7 spell levels left.
You didn't know any spells.
Your spell library contained the following spells:

 Spells                   Type           Power        Failure   Level  Hunger
 Beastly Appendage        Tmut           #.....       99%         1    ##.....
 Foxfire                  Conj/Fire      #...         99%         1    ##.....
 Sticks to Snakes         Tmut           #.......     100%        2    ###....
 Confusing Touch          Hex            #.......     100%        3    ####...
 Conjure Flame            Conj/Fire      #.......     100%        3    ####...
 Gell's Gravitas          Tloc           #.........   100%        3    ####...
 Inner Flame              Hex/Fire       #.......     100%        3    ####...
 Spider Form              Tmut/Pois      #.........   100%        3    ####...
 Ice Form                 Ice/Tmut       #.......     100%        4    #####..
 Petrify                  Tmut/Erth      #.......     100%        4    #####..
 Sticky Flame             Conj/Fire      #.......     100%        4    #####..
 Blade Hands              Tmut           #.........   100%        5    ######.
 Fireball                 Conj/Fire      #.........   100%        5    ######.
 Metabolic Englaciation   Hex/Ice        #.........   100%        5    ######.
 Yara's Violent Unravell  Hex/Tmut       #.........   100%        5    ######.


Dungeon Overview and Level Annotations

Branches:
Dungeon (5/15)              Sewer (visited)
 Temple: D:4-7

Altars:
Elyvilon
Makhleb
Okawaru
Trog
Vehumet
Zin
The Shining One

Shops:
D:4 *[[:   D:5 [%

Annotations:
D:5 Sigmund


Innate Abilities, Weirdness & Mutations

You are resistant to torment.
Your stone body is resilient. (AC +5)
You are immune to poison.
You resist negative energy. (rN+)
You are resistant to electric shocks. (rElec)
You can survive without breathing.
You are immune to petrification.
You are immune to rotting.


Message History

You see here a jackal skeleton.
Eating one of 12 chunks of flesh.
You eat one of the 12 chunks of flesh.
Found a scroll of identify.
You see here 18 sling bullets.
o - 4 scrolls of identify {@r1} (gained 1)
The orc wizard shouts!
You hear a shout!
The orc wizard is too close now for your liking.
An orc wizard is nearby!
An orc wizard is nearby!
A troll comes into view.
The orc wizard gestures at you while chanting.
The puff of flame hits you! The orc wizard casts a spell at you.
The magic dart hits you.
You thump the orc wizard!
A worker ant comes into view.
The orc wizard closely misses you.
You barely miss the orc wizard. The troll bites you! The troll claws you!
* * * LOW HITPOINT WARNING * * *
You block the troll's attack. You block the orc wizard's attack.
Unknown command.
The orc wizard mumbles some strange words.
The orc wizard flickers and vanishes!
Deactivating autopickup; reactivate with Ctrl-A.
The orc throws a stone.
You block the stone.
You see here a stone.
Your shield and scale mail prevent you from hitting the worker ant.
You block the worker ant's attack. The troll barely misses you. x2
The troll claws you but does no damage.
The orc hits you with a cursed -3 quarterstaff.
The worker ant bites you but does no damage.
You closely miss the worker ant. The troll bites you but does no damage.
You block the troll's attack. The troll claws you. You block the orc's attack.
The worker ant barely misses you.
You sock the worker ant! The troll bites you!
* * * LOW HITPOINT WARNING * * *
The troll barely misses you. The troll claws you but does no damage.
You block the worker ant's attack. The orc hits you but does no damage.
Your shield and scale mail prevent you from hitting the worker ant.
The troll bites you!
* * * LOW HITPOINT WARNING * * *
The troll claws you.
* * * LOW HITPOINT WARNING * * *
The troll barely misses you.
The worker ant bites you but does no damage.
You block the orc's attack.
You barely miss the worker ant.
The worker ant bites you but does no damage.
The troll bites you but does no damage. The troll claws you!
You die...

[.....#.#)#.### #A# #.#
.......#.....## ### #.#
.....8.##.....## #.#
....<......#...###### #.#
...8.∩.8........#...#####
.........................
#<∩..8#.####..##{...####
###....# #..##T#.##
#.#.## #..##@#.# #..##
#..##ao.# #.# #..##..##
#.# #..# #.# #..# .# #.#
#..# #.# #..#### #.#
#÷.÷..# #.# ##.##.#


You could see a troll, a worker ant and an orc.

Vanquished Creatures
  An ice beast (D:5)
  A phantom (D:3)
  An ogre (D:4)
  2 centaurs (D:5)
  A hound (D:4)
  A jelly (D:5)
  2 orc priests (D:4)
  An orc wizard (D:4)
  A centaur skeleton (D:4)
  5 worker ants
  A gnoll (D:4)
  12 adders
  5 river rats
  An adder skeleton (D:5)
  5 worms
  3 dart slugs
  2 leopard geckos
  15 orcs
  6 ball pythons
  6 bats
  5 giant cockroaches
  6 goblins
  7 hobgoblins
  4 jackals (D:5)
  A quokka (D:3)
  10 frilled lizards
  A jackal zombie (D:5)
  6 kobolds
  2 leopard gecko skeletons
  16 rats
130 creatures vanquished.

Vanquished Creatures (others)
  A giant cockroach (D:2)
1 creature vanquished.

Grand Total: 131 creatures vanquished

Notes
Turn   | Place    | Note
-------+----------+-------------------------------------------
     0 | D:1      | MrTaco21 the Gargoyle Fighter began the quest for the Orb.
     0 | D:1      | Reached XP level 1. HP: 14/14 MP: 1/1
   359 | D:1      | Reached XP level 2. HP: 19/19 MP: 2/2
   477 | D:1      | Reached skill level 3 in Maces & Flails
   894 | D:2      | Reached XP level 3. HP: 18/23 MP: 3/3
  1073 | D:2      | Reached skill level 4 in Maces & Flails
  1155 | D:2      | Reached XP level 4. HP: 17/28 MP: 4/4
  1477 | D:2      | Found a radiant altar of Vehumet.
  1526 | D:2      | Found a white marble altar of Elyvilon.
  1696 | D:3      | Noticed a phantom
  1713 | D:3      | Killed a phantom
  1713 | D:3      | Reached skill level 5 in Maces & Flails
  1713 | D:3      | Reached XP level 5. HP: 27/32 MP: 5/5
  1920 | D:3      | Reached skill level 6 in Maces & Flails
  1921 | D:3      | Reached XP level 6. HP: 28/37 MP: 6/6
  1976 | D:3      | Found a glowing drain.
  1987 | Sewer    | Entered a sewer
  2888 | D:4      | Reached skill level 7 in Maces & Flails
  2909 | D:4      | Found Zan Nata's Antique Armour Emporium.
  2963 | D:4      | Reached XP level 7. HP: 38/41 MP: 7/7
  3161 | D:4      | Found a glowing golden altar of the Shining One.
  3172 | D:4      | Found an iron altar of Okawaru.
  3173 | D:4      | Found a bloodstained altar of Trog.
  3197 | D:4      | Found Rasad's Book Shop.
  3501 | D:4      | Found Doekhloan's Assorted Antiques.
  3617 | D:4      | Reached skill level 8 in Maces & Flails
  3733 | D:5      | Entered Level 5 of the Dungeon
  3733 | D:5      | Found Xigroega's Armour Shoppe.
  3733 | D:5      | Found Esum's Food Boutique.
  3761 | D:5      | Noticed Sigmund
  4166 | D:5      | Found a glowing silver altar of Zin.
  4166 | D:5      | Found a burning altar of Makhleb.
  4167 | D:5      | Noticed an Executioner
  4167 | D:5      | Noticed an angel
  4197 | D:5      | Reached skill level 9 in Maces & Flails
  4201 | D:5      | Reached XP level 8. HP: 16/46 MP: 8/8
  4334 | D:5      | Noticed a troll
  4366 | D:5      | Slain by a troll

Levels and vault maps discovered:
D:1:      saegor_arrival_simple_a, layout_loops_ring
D:2:      layout_basic, lemuel_round_altar, fiery_altar_vehumet, first_ration
D:3:      layout_loops_cross, lightli_sewer_entry_pipes,
          minmay_misc_feat_hallway
D:4:      layout_basic, grunt_temple_overflow_bloody_war, kennysheep_mini_moat,
          serial_shops, shop, shop, shop, minmay_fractal_squares_diagonal_5
D:5:      layout_loops_ring, grunt_temple_overflow_order_and_chaos_2,
          nicolae_overflow_crystal_walls, lemuel_crystal_altar, serial_shops,
          shop, nicolae_shop_statue_plus, shop, shop, uniq_sigmund

Skill      XL: |  1  2  3  4  5  6  7 |
---------------+----------------------+-----
Maces & Flails | 3 4 5 6 7 9 |  9.5
Fighting       | |  3.2
Armour         | |  3.2
Shields        | |  3.2

Action                   |  1- 3 |  4- 6 |  7- 9 || total
-------------------------+-------+-------+-------++-------
Melee: Flail             |   178 |   233 |   209 ||   620
  Use: Scroll            |       |     4 |       ||     4
  Eat: Chunk             |     1 |     6 |     6 ||    13
Armor: Scale mail        |   127 |   104 |   123 ||   354
Dodge: Dodged            |    65 |    66 |    66 ||   197
Block: Kite shield       |   117 |   105 |   117 ||   339

Table legend:
 A = Non-vault XP
 B = Vault XP
 C = Vault XP percentage of total XP
 D = Non-vault monster count
 E = Vault monster count
 F = Vault count percentage of total count
                 A         B        C        D         E       F
            +---------+---------+-------+---------+---------+-------
      Total |    1104 |     335 |  23.3 |      96 |      34 |  26.2
            +---------+---------+-------+---------+---------+-------
        D:1 |      32 |       0 |   0.0 |      19 |       0 |   0.0
        D:2 |      98 |       0 |   0.0 |      26 |       0 |   0.0
        D:3 |     160 |      90 |  36.0 |      12 |      10 |  45.5
        D:4 |     368 |     175 |  32.2 |      25 |       6 |  19.4
        D:5 |     446 |       0 |   0.0 |      14 |       0 |   0.0
      Sewer |       0 |      70 | 100.0 |       0 |      18 | 100.0
            +---------+---------+-------+---------+---------+-------
